 Dungeon Crawl Stone Soup version 0.28.0-53-g5a82cb258f (webtiles) character file.

Game seed: 5966358845164348391

177 pkoi the Stinger (level 5, 0/34 (38) HPs)
             Began as a Demigod Venom Mage on June 3, 2022.
             Slain by a wight
             ... wielding a +0 falchion
              (8 damage)
             ... on level 4 of the Dungeon.
             The game lasted 00:06:40 (2879 turns).

pkoi the Stinger (Demigod Venom Mage)               Turns: 2879, Time: 00:06:41

HP:   0/34 (38)     AC:  7    Str:  5 (7)  XL:     5   Next: 9%
MP:   12/12         EV: 12    Int: 27 (28) God:
Gold: 102           SH:  0    Dex: 12 (14) Spells: 3/10 levels left

rFire   . . .      SeeInvis .   l - +0 mace (holy)
rCold   + . .      Faith    .   (no shield)
rNeg    . . .      Spirit   .   a - +1 robe
rPois   +          Reflect  .   k - +1 helmet of Xekoaf {Fly Int+7}
rElec   .          Harm     .   (no cloak)
rCorr   .          Rampage  .   e - +1 pair of gloves
Will    .....      Clarity  +   (no boots)
Stlth   ++........              b - amulet of magic regeneration
HPRegen 0.11/turn               (no ring)
MPRegen 0.53/turn               (no ring)

@: flying, heavily drained
A: high MP 1, forlorn, divine attributes, clarity, cold resistance 1, poison
resistance, weak 1
a: no special abilities


You were on level 4 of the Dungeon.
You visited 1 branch of the dungeon, and saw 4 of its levels.

You collected 102 gold pieces.

Inventory:

Hand Weapons
 g - a +1 mace of protection
 i - a +1 vorpal hunting sling
 l - a +0 mace of holy wrath (weapon)
Armour
 a - a +1 robe (worn)
 e - a +1 pair of gloves (worn)
 k - the +1 helmet of Xekoaf (worn) {Fly Int+7}
   (You found it on level 3 of the Dungeon)

   Int:       It affects your intelligence (+7).
   Fly:       It grants you flight.
Jewellery
 b - an amulet of magic regeneration (around neck)
Scrolls
 c - a scroll of identify
 f - a scroll of blinking
Potions
 d - a potion of flight
 h - a potion of degeneration
 j - a potion of curing {unknown}


   Skills:
 + Level 0.0 Fighting
 + Level 0.0 Armour
 + Level 1.7 Dodging
 - Level 1.7 Stealth
 + Level 3.1 Spellcasting
 + Level 1.0 Transmutations
 + Level 2.0 Air Magic
 + Level 4.1 Poison Magic


You had 3 spell levels left.
You knew the following spells:

 Your Spells              Type           Power      Damage    Failure   Level
a - Sting                 Tmut/Pois      72%        1d6       3%          1
b - Poisonous Vapours     Pois/Air       40%        N/A       3%          2
c - Olgreb's Toxic Radia  Pois           26%        N/A       16%         4

Your spell library contained the following spells:

 Spells                   Type           Power      Damage    Failure   Level
 Summon Small Mammal      Summ           16%        N/A       9%          1
 Mephitic Cloud           Conj/Pois/Air  15%        N/A       12%         3
 Call Canine Familiar     Summ           4%         N/A       26%         3
 Summon Guardian Golem    Hex/Summ       4%         N/A       26%         3


Dungeon Overview and Level Annotations

Branches:
Dungeon (4/15)
 Temple: D:4-7


Innate Abilities, Weirdness & Mutations

You have an increased reservoir of magic. (+10% MP)
You shall have no god before yourself.
Your divine heritage dramatically boosts your attributes as you level up.
You possess an exceptional clarity of mind.
Your flesh is cold resistant. (rC+)
Your system is resistant to poisons. (rPois)
You are weak. (Str -2)


Message History

The wight closely misses you.
You hit the wight but do no damage. The wight barely misses you.
You hit the wight but do no damage. The wight hits you with a +0 falchion.
* * * LOW HITPOINT WARNING * * *
You closely miss the wight. The wight hits you but does no damage.
The wight hits you with a +0 falchion.
* * * LOW HITPOINT WARNING * * *
You hit the wight.
The wight convulses.
The wight is heavily damaged.
The wight hits you with a +0 falchion.
* * * LOW HITPOINT WARNING * * *
You feel drained.
* * * LOW HITPOINT WARNING * * *
You hit the wight.
The wight convulses.
The wight is severely damaged.
The wight hits you with a +0 falchion.
* * * LOW HITPOINT WARNING * * *
You feel drained.
* * * LOW HITPOINT WARNING * * *
The wight misses you.
You hit the wight.
The wight convulses.
The wight is almost destroyed.
The wight closely misses you.
You hit the wight but do no damage. You punch the wight.
The wight is almost destroyed.
The wight barely misses you.
You barely miss the wight.
The wight is almost destroyed.
The wight barely misses you. The wight closely misses you.
Unknown command.
You hit the wight but do no damage.
The wight is almost destroyed.
The wight hits you with a +0 falchion.
* * * LOW HITPOINT WARNING * * *
You feel drained.
* * * LOW HITPOINT WARNING * * *
You closely miss the wight.
The wight is almost destroyed.
The wight barely misses you. The wight hits you with a +0 falchion!
You die...

#.....# ####.....# ........#
. #?....# .. #$....# ...
###.### .......##### #...#
#####
##..........#####...### #...
.............@z....).#####.#
#.. ######.###.............#
###.##
#.....#.......####..###
#....# ##.###.###...###
#..... ####..####..#
.........####z####
.†.)........# #######......#
.###..#####.....# ######.#
#..# ###.### #.####
#..#######.# #.....


You could see a wight.

Vanquished Creatures
  An orc wizard (D:3)
  Robin (D:4)
  2 adders (D:2)
  A gnoll (D:1)
  A worm (D:3)
  3 dart slugs
  5 orcs (D:3)
  8 ball pythons
  6 endoplasms
  5 giant cockroaches
  14 goblins
  9 hobgoblins
  2 jackals (D:3)
  3 quokkas
  6 bats
  10 frilled lizards
  7 kobolds
  6 rats
90 creatures vanquished.

Vanquished Creatures (others)
  9 plants (D:1)
9 creatures vanquished.

Grand Total: 99 creatures vanquished

Notes
Turn   | Place    | Note
-------+----------+-------------------------------------------
     0 | D:1      | pkoi the Demigod Venom Mage began the quest for the Orb.
     0 | D:1      | Reached XP level 1. HP: 14/14 MP: 5/5
   266 | D:1      | Reached skill level 3 in Poison Magic
   266 | D:1      | Reached XP level 2. HP: 20/20 MP: 3/7
   552 | D:1      | Learned a level 2 spell: Poisonous Vapours
   614 | D:1      | Reached XP level 3. HP: 26/26 MP: 7/9
   696 | D:2      | Reached skill level 1 in Transmutations
  1035 | D:2      | Reached skill level 1 in Air Magic
  1301 | D:2      | Gained mutation: You possess an exceptional clarity of
                  | mind. [potion of mutation]
  1301 | D:2      | Gained mutation: You are weak. (Str -2) [potion of
                  | mutation]
  1301 | D:2      | Gained mutation: Your flesh is cold resistant. (rC+)
                  | [potion of mutation]
  1301 | D:2      | Gained mutation: Your system is resistant to poisons.
                  | (rPois) [potion of mutation]
  1314 | D:2      | Reached XP level 4. HP: 33/33 MP: 7/10
  2014 | D:3      | Noticed a blizzard demon
  2277 | D:3      | Identified the +1 helmet of Xekoaf {Fly Int+7}
  2361 | D:3      | Reached skill level 4 in Poison Magic
  2366 | D:3      | Learned a level 4 spell: Olgreb's Toxic Radiance
  2772 | D:4      | Noticed Robin
  2799 | D:4      | Reached XP level 5. HP: 38/38 MP: 10/12
  2811 | D:4      | Killed Robin
  2879 | D:4      | Slain by a wight

Illustrated notes

Levels and vault maps discovered:
D:1:      eino_arrival_cavern_d, layout_basic,
          hellmonk_ecumenical_altar_heavens_door, serial_forest,
          infiniplex_forest_clump_double, infiniplex_forest_clump_diagonal,
          infiniplex_forest_clump_small, infiniplex_forest_3_way,
          infiniplex_forest_straight_4, infiniplex_forest_straight_2,
          infiniplex_forest_corner_1, infiniplex_forest_clump_large,
          minmay_lizard_king
D:2:      layout_loops_cross, minmay_heptomino_h4
D:3:      layout_loops_ring, makhleb_altar_promises_db, lemuel_doored_altar
D:4:      kennysheep_kobold_camp, layout_loops_ring, fedhas_altar_2,
          eino_tiny_chamber, uniq_robin

Skill      XL: |  1  2  3  4  5 |
---------------+----------------+-----
Spellcasting   | 2 3 |  3.1
Poison Magic   | 3 4 |  4.1
Transmutations | 1 |  1.0
Air Magic      | 1 2 |  2.0
Dodging        | |  1.7
Stealth        | |  1.7

Action                   |  1- 3 |  4- 6 || total
-------------------------+-------+-------++-------
Melee: Mace              |     5 |    17 ||    22
       Punch             |       |     1 ||     1
 Cast: Sting             |    90 |    77 ||   167
       Poisonous Vapours |     3 |     2 ||     5
  Use: Potion            |     5 |     2 ||     7
       Scroll            |     3 |     5 ||     8
Armor: Robe              |    10 |    14 ||    24
Dodge: Dodged            |    22 |    41 ||    63
